 Dungeon Crawl Stone Soup version 0.30-a0-715-gdb4ae3ece1 (webtiles) character file.

Game seed: 4305404198363752541

3948 Newt the Fighter (level 10, -1/83 HPs)
             Began as a Demonspawn Gladiator on Jan 23, 2023.
             Was a Believer of Okawaru.
             Slain by an orc warrior
             ... wielding a +0 broad axe
              (8 damage)
             ... in a bailey.
             The game lasted 00:10:09 (7016 turns).

Newt the Fighter (Demonspawn Gladiator)             Turns: 7016, Time: 00:10:10

Health: -1/83      AC: 13    Str: 18      XL:     10   Next: 2%
Magic:  10/10      EV: 11    Int:  9      God:    Okawaru [**....]
Gold:   285        SH:  4    Dex: 17 (18) Spells: 9/9 levels left

rFire   + . .      SeeInvis .    l - +7 whip
rCold   . . .      Faith    .    (no shield)
rNeg    . . .      Spirit   .    i - +2 scale mail {Will+}
rPois   +          Reflect  .    c - +0 helmet
rElec   +          Harm     .    w - +0 cloak
rCorr   .          Rampage  .    h - +0 pair of gloves
Will    +....      Clarity  +    (no boots)
Stlth   ++                       (no amulet)
HPRegen 0.33/turn                o - ring of poison resistance
MPRegen 0.12/turn                (no ring)

@: no status effects
A: hooves 2, thin skeletal structure 1, spiny 1, demonic magic 2, large bone
plates 1, clarity, fire resistance 1, electricity resistance
a: Renounce Religion, Heroism


You were in a bailey.
You worshipped Okawaru.
Okawaru was pleased with you.
You visited 1 branch of the dungeon, and saw 7 of its levels.
You also visited: Bailey.

You collected 285 gold pieces.

Inventory:

Hand Weapons
 a - a +0 rapier
 l - a +7 whip (weapon)
Missiles
 k - 8 poisoned darts (quivered)
 t - a throwing net
Armour
 b - a +0 leather armour
 c - a +0 helmet (worn)
 h - a +0 pair of gloves (worn)
 i - a +2 scale mail of willpower (worn)
 s - +0 steam dragon scales
 w - a +0 cloak (worn)
 x - a +2 ring mail of fire resistance
Jewellery
 o - a ring of poison resistance (left hand)
 A - a +6 ring of dexterity
Wands
 d - a wand of flame (23)
 p - a wand of polymorph (9)
Scrolls
 n - 2 scrolls of fear
 v - 2 scrolls of teleportation
 y - a scroll of vulnerability
Potions
 f - 2 potions of curing
 g - a potion of resistance
 j - 4 potions of mutation
 q - a potion of degeneration
 r - a potion of cancellation {unknown}
 u - a potion of flight
 z - a potion of berserk rage {unknown}


   Skills:
 + Level 9.1 Fighting
 - Level 2.6 Short Blades
 - Level 9.0 Maces & Flails
 - Level 1.7 Throwing
 - Level 5.0 Armour
 - Level 2.6 Dodging
 - Level 1.2 Stealth


You had 9 spell levels left.
You didn't know any spells.
Your spell library contained the following spells:

 Spells                   Type           Power      Damage    Failure   Level
 Blink                    Tloc           0%         N/A       88%         2
 Sublimation of Blood     Necr           0%         N/A       88%         2
 Manifold Assault         Tloc           0%         N/A       100%        4
 Petrify                  Tmut/Erth      0%         N/A       100%        4
 Irradiate                Conj/Tmut      0%         3d11      100%        5
 Storm Form               Tmut/Air       0%         N/A       100%        7


Dungeon Overview and Level Annotations

Branches:
Dungeon (7/15)             Temple (0/1) D:7          Bailey (1/1)

Altars:
Hepliaklqana
Kikubaaqudgha
Nemelex Xobeh
Okawaru
Ru
Sif Muna

Annotations:
D:6 3 runed translucent doors, drugrobin's ghost, amateur DgDe


Innate Abilities, Weirdness & Mutations

You have hoof-like feet.
You have a somewhat thin skeletal structure. (Dex +2, Stealth+)
You are partially covered in sharp spines.
Spells you cast may paralyse nearby enemies.
You are partially covered in large bone plates. (SH +4)
You possess an exceptional clarity of mind.
Your flesh is heat resistant. (rF+)
You are resistant to electric shocks. (rElec)


Message History

That's the wrong kind of item! (Use * to select it.) Fire/throw/use which item? ([*] to toss any item) (? for menu, Esc to quit)
Okay, then.
That's the wrong kind of item! (Use * to select it.) Fire/throw/use which item? ([*] to toss any item) (? for menu, Esc to quit)
Okay, then.
You enter the shallow water.
Moving in this stuff is going to be slow.
Things that are here:
a +0 war axe; a +0 ring mail Throw: 9 darts (poison)
Press: ? - help, Shift-Dir - straight line, f - orc warrior
Aim: an orc warrior, wielding a +0 broad axe and wearing a +0 plate armour (64% to hit)
You throw a poisoned dart. The poisoned dart hits the orc warrior.
The orc warrior is poisoned.
You hit the orc warrior. Your kick misses the orc warrior.
The orc warrior is moderately wounded.
The orc warrior barely misses you.
You hit the orc warrior but do no damage.
The orc warrior is moderately wounded.
You block the orc warrior's attack.
You hit the orc warrior.
The orc warrior is moderately wounded.
You closely miss the orc warrior.
The orc warrior is moderately wounded.
The orc warrior hits you with a +0 broad axe!
* * * LOW HITPOINT WARNING * * *
You hit the orc warrior.
The orc warrior is heavily wounded.
You barely miss the orc warrior.
The orc warrior is heavily wounded.
The orc warrior hits you with a +0 broad axe.
* * * LOW HITPOINT WARNING * * *
You hit the orc warrior.
The orc warrior is severely wounded.
The orc warrior hits you with a +0 broad axe!
* * * LOW HITPOINT WARNING * * *
The orc warrior attacks as you move away!
The orc warrior hits you with a +0 broad axe!
You die...

≈≈≈≈≈≈≈~.#..# #.(.#
≈≈≈≈≈≈≈~.#..# #...#
≈≈≈≈≈≈≈~.#..## #8.8# #
≈≈≈≈≈≈≈~.#..#. #...# .#
≈≈≈≈≈≈≈#'#)##'###8.8###'#
≈≈≈≈≈≈≈#....#)).#.).#...#
≈≈≈≈≈≈≈#....#)).#.))#o:.#
≈≈≈≈≈≈≈###..######.######..#
≈≈≈≈≈≈≈#.'...@o(..∩).......+
≈≈≈≈≈≈≈######~)~~~~~~~~~####
≈≈≈≈≈≈≈≈≈≈≈≈≈≈≈≈≈≈≈≈≈≈≈≈≈≈≈≈
≈≈≈≈≈≈≈≈≈≈≈≈≈≈≈≈≈≈≈≈≈≈
≈≈≈≈≈≈≈≈≈≈≈≈≈≈≈≈≈≈≈≈≈≈
≈≈≈≈≈≈≈≈≈≈≈≈≈≈≈≈≈≈≈≈≈≈
≈≈≈≈≈≈≈≈≈≈≈≈≈≈≈≈≈≈≈≈≈≈
######################


You could see an orc warrior (poisoned).

Vanquished Creatures
  An orc knight (Bailey)
  An orc sorcerer (Bailey)
  A kobold demonologist (Bailey)
  Maggie (D:6)
  Grinder (D:4)
  Duvessa (D:4)
  5 orc warriors (Bailey)
  2 black bears (D:6)
  2 ice beasts (D:5)
  A sky beast (D:6)
  A centaur (D:6)
  2 necrophages
  5 scorpions
  Dowan (D:4)
  3 electric eels (Bailey)
  2 hounds (D:6)
  3 jellies
  A gnoll bouda (D:6)
  3 orc priests
  2 iguanas
  Ijyb (D:4)
  Natasha (twice) (D:4)
  6 orc wizards
  7 gnolls
  9 adders
  An ufetubus (D:6)
  5 worms
  2 dart slugs
  13 orcs
  11 ball pythons
  6 endoplasms
  2 giant cockroaches (D:2)
  14 goblins
  9 hobgoblins
  3 quokkas
  7 bats
  A frilled lizard (D:1)
  5 kobolds
  8 rats
151 creatures vanquished.

Vanquished Creatures (others)
  A plant (D:3)
1 creature vanquished.

Grand Total: 152 creatures vanquished

Notes
Turn   | Place    | Note
-------+----------+-------------------------------------------
     0 | D:1      | Newt the Demonspawn Gladiator began the quest for the Orb.
     0 | D:1      | Reached XP level 1. HP: 16/16 MP: 1/1
    76 | D:1      | Reached skill level 1 in Stealth
   198 | D:1      | Gained mutation: You have large cloven feet. [demonic
                  | ancestry]
   198 | D:1      | Reached XP level 2. HP: 22/22 MP: 2/2
   933 | D:2      | Gained mutation: You have hoof-like feet. [demonic
                  | ancestry]
   933 | D:2      | Reached XP level 3. HP: 29/29 MP: 3/3
  1256 | D:2      | You fall into a shaft and drop 2 floors!
  1340 | D:4      | Noticed a scorpion
  1342 | D:4      | Noticed Dowan
  1352 | D:4      | Noticed Duvessa
  1392 | D:3      | Killed a scorpion
  1393 | D:3      | Reached skill level 1 in Maces & Flails
  1393 | D:3      | Gained mutation: Spells you cast may paralyse adjacent
                  | enemies. [demonic ancestry]
  1393 | D:3      | Reached XP level 4. HP: 26/37 MP: 4/4
  1668 | D:3      | Reached skill level 1 in Armour
  1692 | D:3      | Found a sparkling altar of Nemelex Xobeh.
  1802 | D:3      | Identified the +11 short sword "Yjow" {heavy, rC+}
  1966 | D:3      | Reached XP level 5. HP: 42/42 MP: 5/5
  2571 | D:2      | Found an ancient bone altar of Kikubaaqudgha.
  2585 | D:2      | Gained mutation: You have sharp fingernails. [potion of
                  | mutation]
  2585 | D:2      | Gained mutation: Your muscles are strong. (Str +4, Int/Dex
                  | -1) [potion of mutation]
  3305 | D:4      | Noticed Ijyb
  3309 | D:4      | Killed Duvessa
  3310 | D:4      | Gained mutation: Spells you cast may paralyse nearby
                  | enemies. [demonic ancestry]
  3310 | D:4      | Reached XP level 6. HP: 15/48 MP: 6/6
  3313 | D:4      | Killed Dowan
  3320 | D:4      | Killed Ijyb
  3463 | D:4      | Lost mutation: Your muscles are strong. (Str +4, Int/Dex
                  | -1) [potion of mutation]
  3463 | D:4      | Lost mutation: You have sharp fingernails. [potion of
                  | mutation]
  3463 | D:4      | Gained mutation: You are frail. (-10% HP) [potion of
                  | mutation]
  3463 | D:4      | Gained mutation: Your flesh is cold resistant. (rC+)
                  | [potion of mutation]
  3464 | D:4      | Lost mutation: You are frail. (-10% HP) [potion of
                  | mutation]
  3464 | D:4      | Lost mutation: Your flesh is cold resistant. (rC+) [potion
                  | of mutation]
  3464 | D:4      | Gained mutation: You are partially covered in large bone
                  | plates. (SH +4) [potion of mutation]
  3464 | D:4      | Gained mutation: You have hidden genetic potential. [potion
                  | of mutation]
  3464 | D:4      | Gained mutation: You are resistant to electric shocks.
                  | (rElec) [potion of mutation]
  3488 | D:4      | Noticed Natasha
  3493 | D:4      | Killed Natasha
  3551 | D:4      | Reached skill level 5 in Maces & Flails
  3651 | D:4      | Noticed Grinder
  3666 | D:4      | Killed Grinder
  3667 | D:4      | Gained mutation: You have a somewhat thin skeletal
                  | structure. (Dex +2, Stealth+) [demonic ancestry]
  3667 | D:4      | Reached XP level 7. HP: 54/54 MP: 7/7
  3672 | D:4      | Gained mutation: Your flesh is heat resistant. (rF+)
                  | [hidden potential]
  3902 | D:4      | Noticed Natasha
  3909 | D:4      | Killed Natasha
  3939 | D:5      | Entered Level 5 of the Dungeon
  4317 | D:5      | Found a hazy altar of Hepliaklqana.
  4317 | D:5      | Found a sacrificial altar of Ru.
  4362 | D:5      | Gained mutation: You are partially covered in sharp spines.
                  | [demonic ancestry]
  4362 | D:5      | Reached XP level 8. HP: 60/60 MP: 8/8
  4443 | D:5      | Reached skill level 5 in Armour
  4445 | D:5      | Gained mutation: You possess an exceptional clarity of
                  | mind. [hidden potential]
  4445 | D:5      | Lost mutation: You have hidden genetic potential. [hidden
                  | potential expressed]
  4684 | D:5      | Reached skill level 5 in Fighting
  4817 | D:5      | Found an iron altar of Okawaru.
  4819 | D:5      | Found a shimmering blue altar of Sif Muna.
  4819 | D:5      | Identified the +2 dagger of Icen {flame, Int+5 Dex+4}
  4826 | D:5      | Became a worshipper of Warmaster Okawaru
  4934 | D:6      | Found a runed translucent gate.
  4935 | D:6      | Found a runed translucent gate.
  4947 | D:6      | Found a runed translucent gate.
  4948 | D:6      | Noticed a troll
  4948 | D:6      | Noticed Maggie
  4949 | D:6      | Noticed drugrobin's ghost (amateur DgDe)
  4984 | D:6      | Killed Maggie
  5323 | D:6      | Reached * piety under Okawaru
  5373 | D:6      | Reached XP level 9. HP: 60/69 MP: 9/9
  6012 | D:7      | Found a flagged portal.
  6021 | Bailey   | Entered a bailey
  6422 | Bailey   | Noticed an orc sorcerer
  6432 | Bailey   | Killed an orc sorcerer
  6432 | Bailey   | Reached ** piety under Okawaru
  6944 | Bailey   | Noticed a kobold demonologist
  6945 | Bailey   | Noticed an orc knight
  6951 | Bailey   | Noticed a red devil
  6954 | Bailey   | Killed a kobold demonologist
  6968 | Bailey   | Killed an orc knight
  6969 | Bailey   | Reached XP level 10. HP: 18/83 MP: 7/10
  7016 | Bailey   | Slain by an orc warrior

Illustrated notes

Levels and vault maps discovered:
D:1:      dpeg_arrival_arbitrary_a, layout_loops_ring
D:2:      layout_basic, basic_altar, kennysheep_generic_room_9
D:3:      layout_loops_ring, nemelex_xobeh_ov_fountains_minmay,
          chequers_serial_rivers_micro_a, minmay_shallow_snake_nest
D:4:      layout_cave_pools, zin_academy, uniq_ijyb, uniq_grinder, uniq_natasha,
          uniq_duvessa
D:5:      layout_loops_ring, mainiacjoe_overflow_divided_tiny,
          chequers_temple_overflow_statue_of_worship
D:6:      layout_loops_ring, gammafunk_ghost_split, uniq_maggie
D:7:      layout_loops_corners, trog_hazing_becter, minmay_temple_entry_grid,
          enter_ossuary_3, enter_bailey_8
Bailey:   bailey_axe_of_yendor_kennysheep, bailey

Skill      XL: |  1  2  3  4  5  6  7  8  9 |
---------------+----------------------------+-----
Stealth        | 1 |  1.2
Fighting       | 3 4 6 9 |  9.1
Maces & Flails | 1 2 3 6 7 9 |  9.0
Armour         | 1 4 5 |  5.0
Short Blades   | |  2.6
Throwing       | |  1.7
Dodging        | |  2.6

Action                     |  1- 3 |  4- 6 |  7- 9 | 10-12 || total
---------------------------+-------+-------+-------+-------++-------
  Melee: Rapier            |    41 |       |       |       ||    41
         Whip              |    36 |   125 |   236 |    11 ||   408
         Kick              |    11 |    27 |    79 |     1 ||   118
         Punch             |     1 |     1 |     4 |       ||     6
  Throw: Throwing net      |     3 |     2 |       |       ||     5
         Dart              |       |    14 |     7 |     1 ||    22
         Javelin           |       |       |     1 |       ||     1
 Invoke: Heroism           |       |       |     1 |       ||     1
  Evoke: Wand              |       |       |     6 |       ||     6
    Use: Scroll            |     5 |     7 |     6 |       ||    18
         Potion            |       |     4 |     2 |       ||     6
   Stab: Sleeping          |     1 |       |     3 |       ||     4
         Held in net/web   |     3 |       |       |       ||     3
         Fleeing           |       |     1 |       |       ||     1
 Armour: Scale mail        |    40 |    55 |    77 |       ||   172
         Leather armour    |     6 |       |       |       ||     6
  Dodge: Dodged            |    45 |    64 |    58 |     2 ||   169
  Block: Other             |       |     3 |    12 |     1 ||    16

Table legend: (Time is in decaauts)
 A = Elapsed time spent in this place.
 B = Non-inter-level travel time spent in this place.
 C = Inter-level travel time spent in this place.
 D = Time resting spent in this place.
 E = Time spent auto-exploring this place.
 F = Levels seen in this place.
 G = Mean time per level.
                   A        B        C        D        E       F      G
               +--------+--------+--------+--------+--------+-----+--------+
         Total |   6952 |   6719 |    233 |   1885 |   3538 |   8 |  869.0 |
       Dungeon |   5987 |   5754 |    233 |   1191 |   3531 |   7 |  855.3 |
        Bailey |    964 |    964 |      0 |    694 |      7 |   1 |  964.0 |
               +--------+--------+--------+--------+--------+-----+--------+

Top non-repeatable levels by time:
     D:3: 1457 daAuts
  Bailey: 964 daAuts
     D:1: 933 daAuts
     D:6: 921 daAuts
     D:5: 898 daAuts
     D:4: 786 daAuts
     D:2: 763 daAuts
     D:7: 226 daAuts
